 Dungeon Crawl Stone Soup version 0.29-a0-231-g945431f764 (webtiles) character file.

Game seed: 10757488534131511166

242 lunkers the Shooter (level 5, -2/45 HPs)
             Began as a Demigod Hunter on Feb 28, 2022.
             Succumbed to a water moccasin's poison
             ... on level 3 of the Dungeon.
             The game lasted 00:02:09 (2385 turns).

lunkers the Shooter (Demigod Hunter)                Turns: 2385, Time: 00:02:10

Health: -2/45      AC:  3    Str: 13    XL:     5   Next: 52%
Magic:  7/7        EV: 12    Int: 13    God:
Gold:   91         SH:  0    Dex: 18    Spells: 4/4 levels left

rFire   . . .      SeeInvis .   a - +1 shortbow
rCold   . . .      Faith    .   (shield currently unavailable)
rNeg    . . .      Spirit   .   b - +0 leather armour
rPois   .          Reflect  .   (no helmet)
rElec   .          Harm     .   (no cloak)
rCorr   .          Rampage  .   (no gloves)
Will    .....                   (no boots)
Stlth   ++........              (no amulet)
HPRegen 0.15/turn               (no ring)
MPRegen 0.10/turn               (no ring)

@: mighty, lethally poisoned (-2 -> -39)
A: high MP 1, forlorn, divine attributes
a: no special abilities


You were on level 3 of the Dungeon.
You visited 1 branch of the dungeon, and saw 3 of its levels.

You collected 91 gold pieces.

Inventory:

Hand Weapons
 a - a +1 shortbow (weapon)
Armour
 b - a +0 leather armour (worn)
 k - a +0 buckler of protection
Jewellery
 h - a ring of ice
 m - a ring of protection from cold
Scrolls
 d - a scroll of teleportation {unknown}
 f - 2 scrolls of identify {unknown}
 i - a scroll of immolation {unknown}
 j - a scroll of enchant armour {unknown}
 l - a scroll of amnesia {unknown}
Potions
 c - a potion of curing {unknown}
 e - 2 potions of mutation {unknown}
 g - a potion of might


   Skills:
 + Level 3.4 Fighting
 * Level 5.7 Bows
 - Level 1.7 Dodging
 - Level 0.8 Stealth


You had 4 spell levels left.
You didn't know any spells.
Your spell library contained the following spells:

 Spells                   Type           Power      Damage    Failure   Level
 Freeze                   Ice            0%         1d3       36%         1
 Magic Dart               Conj           0%         1d3       36%         1
 Blink                    Tloc           0%         N/A       52%         2
 Call Imp                 Summ           0%         N/A       52%         2
 Dazzling Flash           Conj/Hex       0%         N/A       75%         3
 Frozen Ramparts          Ice            0%         1d2       75%         3
 Gell's Gravitas          Tloc           0%         N/A       75%         3
 Lesser Beckoning         Tloc           0%         N/A       75%         3
 Mephitic Cloud           Conj/Pois/Air  0%         N/A       75%         3
 Teleport Other           Tloc           0%         N/A       75%         3
 Cause Fear               Hex            0%         N/A       98%         4
 Hailstorm                Conj/Ice       0%         3d3       98%         4
 Agony                    Necr           0%         N/A       100%        5
 Manifold Assault         Tloc           0%         N/A       100%        5
 Silence                  Hex/Air        0%         N/A       100%        5
 Dragon Form              Tmut           0%         N/A       100%        7
 Dragon's Call            Summ           0%         N/A       100%        9


Dungeon Overview and Level Annotations

Branches:
Dungeon (3/15)

Annotations:
D:3 1 runed translucent door, testman's ghost, amateur SpAM


Innate Abilities, Weirdness & Mutations

You have an increased reservoir of magic. (+10% MP)
You shall have no god before yourself.
Your divine heritage dramatically boosts your attributes as you level up.


Message History

The water moccasin bites you but does no damage.
The water moccasin barely misses you.
You shoot an arrow. The arrow misses the water moccasin.
The water moccasin closely misses you. The water moccasin barely misses you.
You shoot an arrow.
The arrow hits the water moccasin but does no damage.
The water moccasin is lightly wounded.
The water moccasin bites you.
You are poisoned.
The water moccasin poisons you!
You shoot an arrow. The arrow hits the water moccasin.
The water moccasin is lightly wounded.
You feel very sick.
The water moccasin bites you but does no damage.
The water moccasin bites you.
You are more poisoned.
The water moccasin poisons you!
You shoot an arrow.
The arrow barely misses the water moccasin.
* * * LOW HITPOINT WARNING * * *
You feel extremely sick. The water moccasin barely misses you.
The water moccasin bites you.
* * * LOW HITPOINT WARNING * * *
You are more poisoned.
The water moccasin poisons you!
Shoot: a) +1 shortbow
Press: ? - help, Q - select action Shift-Dir - straight line, f/p - water moccasin
Aim: a water moccasin (lightly wounded, 50% to hit)
You shoot an arrow.
The arrow barely misses the water moccasin.
* * * LOW HITPOINT WARNING * * *
You feel extremely sick. The water moccasin closely misses you.
The water moccasin bites you.
* * * LOW HITPOINT WARNING * * *
You are more poisoned.
The water moccasin poisons you!
Unknown command.
It was a potion of might.
You feel very mighty all of a sudden.
You die...

###.# ###...### #.# #...#
###.# #...#
..#.########...#######
..#.##...............##.
........................
....##..)......).....#
....#######....#S###.#
##..# #....#@# ##.##
#....#.# ...# #....#.#
##.########....#.#
#.....)..........#
...#.##.##....####
#.##.##.##.......#
#.##.........###.#
#.##.##.##...###.########
####


You could see a water moccasin.

Vanquished Creatures
  Sigmund (D:3)
  2 adders (D:2)
  3 dart slugs (D:2)
  An orc (D:3)
  5 ball pythons
  4 bats
  An endoplasm (D:2)
  A giant cockroach (D:1)
  6 goblins
  2 hobgoblins
  5 jackals (D:1)
  5 quokkas
  2 frilled lizards (D:1)
  9 kobolds
  10 rats
57 creatures vanquished.

Vanquished Creatures (others)
  4 plants (D:2)
4 creatures vanquished.

Grand Total: 61 creatures vanquished

Notes
Turn   | Place    | Note
-------+----------+-------------------------------------------
     0 | D:1      | lunkers the Demigod Hunter began the quest for the Orb.
     0 | D:1      | Reached XP level 1. HP: 17/17 MP: 3/3
   241 | D:1      | Reached XP level 2. HP: 15/24 MP: 4/4
   415 | D:1      | Reached skill level 4 in Bows
  1102 | D:2      | Reached XP level 3. HP: 30/30 MP: 5/5
  1949 | D:3      | Noticed Sigmund
  1953 | D:3      | Killed Sigmund
  1954 | D:3      | Reached skill level 5 in Bows
  1954 | D:3      | Reached XP level 4. HP: 38/38 MP: 6/6
  1954 | D:3      | Reached XP level 5. HP: 45/45 MP: 7/7
  2335 | D:3      | Found a runed translucent door.
  2337 | D:3      | Noticed testman's ghost (amateur SpAM)
  2372 | D:3      | Noticed a water moccasin
  2385 | D:3      | Succumbed to a water moccasin's poison

Illustrated notes

Levels and vault maps discovered:
D:1:      nzn_arrival_depleted_hourglass, layout_basic, serial_glass,
          glass_columns_a, glass_columns_a
D:2:      layout_loops_ring, serial_bayou, serial_bayou_shore_b,
          serial_bayou_pond_b, serial_bayou_ford_a, serial_bayou_shore_a,
          serial_bayou_pond_e, dreamdust_ecumenical_altar_statues,
          corexii_corridor_pit, ebering_dispersal_statue_hall,
          minmay_pentomino_s4
D:3:      layout_loops_cross, ebering_ghost_sewer_d, minmay_distorted,
          uniq_sigmund

Skill      XL: |  1  2  3 |
---------------+----------+-----
Fighting       | 2 3 |  3.4
Bows           | 4 5 |  5.7
Dodging        | |  1.7
Stealth        | |  0.8

Action                   |  1- 3 |  4- 6 || total
-------------------------+-------+-------++-------
 Fire: Shortbow          |   119 |    32 ||   151
  Use: Potion            |       |     1 ||     1
Armor: Leather armour    |    13 |     3 ||    16
Dodge: Dodged            |    32 |    11 ||    43

Table legend: (Time is in decaauts)
 A = Elapsed time spent in this place.
 B = Non-inter-level travel time spent in this place.
 C = Inter-level travel time spent in this place.
 D = Time resting spent in this place.
 E = Time spent auto-exploring this place.
 F = Levels seen in this place.
 G = Mean time per level.
                   A        B        C        D        E       F      G
               +--------+--------+--------+--------+--------+-----+--------+
         Total |   2463 |   2417 |     46 |      0 |   2107 |   3 |  821.0 |
       Dungeon |   2463 |   2417 |     46 |      0 |   2107 |   3 |  821.0 |
               +--------+--------+--------+--------+--------+-----+--------+

Top non-repeatable levels by time:
     D:1: 1042 daAuts
     D:2: 941 daAuts
     D:3: 480 daAuts
